 Dungeon Crawl Stone Soup version 0.31-a0-1008-g5b978dac0e (webtiles) character file.

Game seed: 11852276554079271320

4 Jannitor the Sneak (level 1, 0/18 HPs)
             Began as a Demigod Delver on Nov 12, 2023.
             Slain by a kobold
             ... wielding a +1 dagger of venom
              (4 damage)
             ... on level 6 of the Dungeon.
             The game lasted 00:00:36 (150 turns).

Jannitor the Sneak (Demigod Delver)                  Turns: 150, Time: 00:00:37

Health: 0/18       AC:  3    Str: 13    XL:     1   Next: 46%
Magic:  3/3        EV: 12    Int: 12    God:
Gold:   16         SH:  0    Dex: 15    Spells: 0/0 levels left

rFire   . . .        a - +0 mace
rCold   . . .        (no shield)
rNeg    . . .        b - +0 leather armour
rPois   .            (no helmet)
rElec   .            (no cloak)
rCorr   .            (no gloves)
SInv    .            (no boots)
Will    .....        (no amulet)
Stlth   +++          (no ring)
HPRegen 0.23/turn    (no ring)
MPRegen 0.08/turn

%: no passive effects
@: no status effects
A: high MP 1, forlorn, divine attributes
a: no special abilities


You were on level 6 of the Dungeon.
You visited 1 branch of the dungeon, and saw 3 of its levels.

You collected 16 gold pieces.

Inventory:

Hand Weapons
 a - a +0 mace (weapon)
Armour
 b - a +0 leather armour (worn)
Wands
 g - a wand of digging (3)
Scrolls
 c - a scroll of fog
 d - a scroll of revelation
Potions
 f - a potion of haste


   Skills:
 + Level 2.7 Fighting
 + Level 1.9 Maces & Flails
 + Level 1.9 Dodging
 + Level 4.5 Stealth


You couldn't memorise any spells.
You didn't know any spells.
Your spell library was empty.

Dungeon Overview and Level Annotations

Branches:
Dungeon (7/15)
 Temple: D:4-7


Innate Abilities, Weirdness & Mutations

You have an increased reservoir of magic. (+10% MP)
You shall have no god before yourself.
Your divine heritage dramatically boosts your attributes as you level up.


Message History

There is a stone staircase leading down here.
The orc shouts!
The orc priest shouts!
You hear a shout!
You climb downwards.
Found 35 gold pieces and a scroll labelled VIEDEH MICLOI.
Found a stone staircase leading up.
There is a stone staircase leading up here.
Unknown command.
Found 10 gold pieces.
The killer bee buzzes angrily. x2; The water moccasin hisses angrily.
The bullfrog croaks.
Found 13 gold pieces and a robe.
The killer bee buzzes angrily. x2
The killer bee barely misses you. The killer bee misses you.
There is a stone staircase leading up here.
The killer bee stings you. The killer bee completely misses you.
The killer bee misses you. The killer bee barely misses you.
The killer bee stings you.
The killer bee stings you but does no damage.
The killer bee barely misses you.
You climb upwards.
The orc shouts!
The kobold shouts!
You hear a croak.
The kobold shouts!
Found a viscous ruby potion.
Found a stone staircase leading up.
There is a stone staircase leading down here.
Okay, then.
Unknown command.
Saving game... please wait.
Welcome back, Jannitor the Demigod Delver.
Press ? for a list of commands and other information.
Saving game... please wait.
Welcome back, Jannitor the Demigod Delver.
Press ? for a list of commands and other information.
Unknown command.
The kobold brigand shouts!
The killer bee stings you but does no damage. x2
The killer bee misses you. The killer bee stings you.
* * * LOW HITPOINT WARNING * * *
The kobold hits you but does no damage.
The kobold hits you with a +1 dagger of venom.
You die...

######
....#####
##KK....!.
#y@K......
#yyK.#####
#....#
#....#
#......
..o.####
.....
.......
..#..###


You could see a kobold brigand, 3 killer bees, an orc and 3 kobolds.

Vanquished Creatures
  4 kobolds (D:6)
4 creatures vanquished.

Notes
Turn   | Place    | Note
-------+----------+-------------------------------------------
     0 | D:5      | Jannitor the Demigod Delver began the quest for the Orb.
     0 | D:5      | Reached XP level 1. HP: 18/18 MP: 3/3
    38 | D:5      | Noticed a scorpion
    63 | D:6      | Noticed a kobold brigand
    65 | D:6      | Noticed a hound
   139 | D:6      | Noticed an orc priest
   141 | D:7      | Noticed a water moccasin
   141 | D:7      | Noticed a killer bee
   141 | D:7      | Noticed a killer bee
   141 | D:7      | Noticed a killer bee
   141 | D:7      | Noticed a killer bee
   141 | D:7      | Noticed a bullfrog
   141 | D:7      | Noticed a sleepcap
   149 | D:6      | Noticed a kobold brigand
   150 | D:6      | Slain by a kobold

Illustrated notes

Levels and vault maps discovered:
D:5:      layout_cave_pods, mainiacjoe_overflow_big_doors, minivault_5,
          minmay_misc_feat_five, fountainhead
D:6:      layout_loops_ring, minmay_temple_entry_large_hall,
          ebering_ghost_reflecting_pool, minmay_fractal_squares_diagonal_5
D:7:      layout_cave_pools, grunt_decor_arrowhead

Action                     || total
---------------------------++-------
  Melee: Mace              ||    13
    Use: Scroll            ||     1
 Armour: Leather armour    ||    16
  Dodge: Dodged            ||    16

Table legend: (Time is in decaauts)
 A = Elapsed time spent in this place.
 B = Non-inter-level travel time spent in this place.
 C = Inter-level travel time spent in this place.
 D = Time resting spent in this place.
 E = Time spent auto-exploring this place.
 F = Levels seen in this place.
 G = Mean time per level.
                   A        B        C        D        E       F      G
               +--------+--------+--------+--------+--------+-----+--------+
         Total |    153 |    153 |      0 |      0 |     36 |   3 |   51.0 |
       Dungeon |    153 |    153 |      0 |      0 |     36 |   3 |   51.0 |
               +--------+--------+--------+--------+--------+-----+--------+

Top non-repeatable levels by time:
     D:6: 87 daAuts
     D:5: 58 daAuts
     D:7: 7 daAuts
